 Dungeon Crawl Stone Soup version 0.16.1-7-g2c6721e (webtiles) character file.

152 Huymann the Skirmisher (level 5, 0/46 HPs)
             Began as a Minotaur Fighter on Mar 29, 2015.
             Slain by Grujah's ghost (6 damage)
             ... on level 3 of the Dungeon.
             The game lasted 00:08:38 (2080 turns).

Huymann the Skirmisher (Minotaur Fighter)           Turns: 2080, Time: 00:08:38

Health: 0/46       AC:  7    Str: 21    XL:     5   Next: 11%
Magic:  2/2        EV:  8    Int:  6    God:
Gold:   144        SH:  9    Dex:  9    Spells: 0 memorised, 4 levels left

rFire  . . .     SeeInvis .     a - +0 war axe
rCold  . . .     Clarity  .     b - +0 scale mail
rNeg   . . .     SustAb   .     c - +0 shield
rPois  .         Gourm    .     (helmet restricted)
rElec  .         Spirit   .     (no cloak)
rCorr  .         Warding  .     (no gloves)
rMut   .         Stasis   .     (no boots)
MR     .....                    (no amulet)
Stlth  ..........               (no ring)
                                (no ring)

@: not resistant to hostile enchantments, extremely unstealthy
A: retaliatory headbutt, horns 2
a: no special abilities


You were on level 3 of the Dungeon.
You were not hungry.

You visited 1 branch of the dungeon, and saw 3 of its levels.

You collected 144 gold pieces.

Inventory:

Hand weapons
 a - a +0 war axe (weapon)
 n - a +0 mace of venom
 w - a +0 hunting sling
Missiles
 j - 69 stones (quivered)
 m - 13 poisoned needles
 y - 13 sling bullets of flame
 z - 23 sling bullets
Armour
 b - a +0 scale mail (worn)
 c - a +0 shield (worn)
Scrolls
 f - a scroll of immolation {unknown}
 h - 2 scrolls of teleportation {unknown}
 i - 2 scrolls of remove curse {unknown}
 q - 5 scrolls of identify {unknown}
 s - a scroll of random uselessness {unknown}
 v - a scroll of enchant armour {unknown}
 x - a scroll of enchant weapon {unknown}
Potions
 e - 2 potions of might
 g - a potion of brilliance {unknown}
 o - a potion of heal wounds {unknown}
 p - a potion of restore abilities {unknown}
 t - a potion of agility {unknown}
 u - a potion of curing {unknown}
 A - a potion of berserk rage {unknown}
Comestibles
 d - 3 bread rations
 k - a meat ration
 l - a slice of pizza
 r - 2 chunks of flesh


   Skills:
 + Level 4.2 Fighting
 * Level 3.8 Axes
 + Level 4.2 Armour
 * Level 2.2 Dodging
 * Level 1.2 Stealth
 + Level 4.2 Shields


You had 4 spell levels left.
You didn't know any spells.

Dungeon Overview and Level Annotations

Branches:
Dungeon (3/15)

Altars:

Annotations:
D:3 Grujah's ghost, weakling DsNe


Innate Abilities, Weirdness & Mutations

You reflexively headbutt those who attack you in melee.
You have a pair of horns on your head.


Message History

Unknown command.
You closely miss Grujah's ghost.
Grujah's ghost is severely damaged.
The goblin shoots a stone.
You block the stone. Grujah's ghost barely misses you. x2
You furiously retaliate!
You headbutt Grujah's ghost. You hit Grujah's ghost.
Grujah's ghost is almost destroyed.
Grujah's ghost hits you.
* * * LOW HITPOINT WARNING * * *
You hit Grujah's ghost but do no damage.
Your headbutt misses Grujah's ghost.
Grujah's ghost is almost destroyed.
Grujah's ghost points at you and mumbles some strange words.
Pain shoots through your body!
* * * LOW HITPOINT WARNING * * *
You miss Grujah's ghost. Your headbutt misses Grujah's ghost.
Grujah's ghost is almost destroyed.
Grujah's ghost hits you.
You die...

#.# #....... #.#
#######.
.#######.# #.
.........#####
#.
..######..<..#
#.
........#.###.#
#. ....#.....#
##
.?......(.###.##
...##.(.@.g....#
#.#W###.##.#
...#. ... #.#.
#. ##.# #######
# #. #...... ..
#..[... .#
#...... .
#...... #......


You could see Grujah's ghost and a goblin.

Vanquished Creatures
  Terence (D:2)
  Robin (D:2)
  3 adders
  4 gnolls (D:2)
  A worm (D:2)
  2 ball pythons (D:2)
  2 giant cockroaches (D:1)
  13 goblins
  6 hobgoblins
  8 kobolds
  9 bats
  2 giant geckos
  2 giant newts (D:1)
  4 jackals (D:1)
  6 rats
64 creatures vanquished.

Notes
Turn   | Place    | Note
--------------------------------------------------------------
     0 | D:1      | Huymann, the Minotaur Fighter, began the quest for the Orb.
     0 | D:1      | Reached XP level 1. HP: 19/19 MP: 1/1
   306 | D:1      | Reached XP level 2. HP: 22/27 MP: 1/1
   914 | D:2      | Noticed Robin
   915 | D:2      | Noticed Terence
   926 | D:2      | Reached XP level 3. HP: 31/33 MP: 2/2
   935 | D:2      | Killed Terence
   935 | D:2      | Reached skill level 1 in Dodging
  1206 | D:2      | Reached skill level 4 in Armour
  1209 | D:2      | Killed Robin
  1209 | D:2      | Reached XP level 4. HP: 21/40 MP: 2/2
  1411 | D:2      | Reached skill level 1 in Stealth
  1728 | D:2      | Reached XP level 5. HP: 42/46 MP: 2/2
  2065 | D:3      | Noticed Grujah's ghost (weakling DsNe)
  2080 | D:3      | Slain by Grujah's ghost

Action                   |  1- 3 |  4- 6 || total
-------------------------+-------+-------++-------
Melee: War axe           |    76 |    72 ||   148
  Eat: Chunk             |     1 |     3 ||     4
